 Dungeon Sprint DCSS version 0.19.5 (webtiles) character file.

8919 Mesmaeker13 the Warrior (level 11, -1/81 HPs)
             Began as a Hill Orc Fighter on May 5, 2017.
             Was a High Priest of Trog.
             Slain by an unseen horror (5 damage)
             ... in the Dungeon (Sprint I: "Red Sonja").
             The game lasted 00:10:14 (3033 turns).

Mesmaeker13 the Warrior (Hill Orc Fighter)          Turns: 3033, Time: 00:10:14

Health: -1/81      AC: 10    Str: 19      XL:     11   Next: 38%
Magic:  7/7        EV:  9    Int:  5 (6)  God:    Trog [*****.]
Gold:   353        SH: 12    Dex:  6      Spells: 0 memorised, 10 levels left

rFire  . . .     SeeInvis .     a - +0 flail
rCold  . . .     Gourm    .     n - +4 scale mail {rPois}
rNeg   . . .     Faith    .     c - +0 shield
rPois  +         Spirit   .     (no helmet)
rElec  .         Reflect  .     (no cloak)
rCorr  .         Harm     .     (no gloves)
MR     .....     Rnd*Rage +     (no boots)
Stlth  .......... NoTele   +    (no amulet)
                                m - +5 ring of intelligence
                                h - -3 ring of intelligence (curse)

@: exhausted
A: berserk 3, blurry vision 3, clumsy 2, deformed body, deterioration 2, dopey
2, frail 3, low mp 3, screaming 3, weak 2, no device heal 3, subdued magic 3,
MP-powered wands
a: Berserk, Trog's Hand, Brothers in Arms, Burn Spellbooks, Renounce Religion


You were in the Dungeon.
You worshipped Trog.
Trog was extremely pleased with you.
You were not hungry.

You visited 1 branch You collected 950 gold pieces.
You spent 597 gold pieces at shops.

Inventory:

Hand Weapons
 a - a +0 flail (weapon)
 b - a +0 blowgun
Missiles
 f - 5 curare-tipped needles
Armour
 c - a +0 shield (worn)
 n - a +4 scale mail of poison resistance (worn)
Jewellery
 h - a cursed -3 ring of intelligence (left hand)
 m - a +5 ring of intelligence (right hand)
Scrolls
 d - a scroll of remove curse {unknown}
 j - a scroll of identify {unknown}
 k - a scroll of blinking
 l - a scroll of amnesia {unknown}
Potions
 e - a potion of cure mutation {unknown}
 g - a potion of curing
 i - 2 potions of magic
Comestibles
 o - a meat ration
 p - a slice of pizza
 q - a bread ration
 r - a beef jerky


   Skills:
 + Level 17.2 Fighting
 + Level 15.9 Maces & Flails
 - Level 14.0 Armour
 + Level 13.2 Shields


You had 10 spell levels left.
You didn't know any spells.

Dungeon Overview and Level Annotations

Branches:
Dungeon (1/1)

Altars:
Cheibriados
Dithmenos
Elyvilon
Fedhas
Gozag
Hepliaklqana
Kikubaaqudgha
Makhleb
Nemelex Xobeh
Okawaru
Qazlal
Ru
Sif Muna
Trog
Uskayaw
Vehumet
Xom
Yredelemnul
Zin
The Shining One
Jiyva
Lugonu

Shops:
D }[(}(}=*%::?*(*[*!([!


Innate Abilities, Weirdness & Mutations

You have an uncontrollable temper.
Scrolls take you much longer to read.
You are very clumsy. (Dex -4)
Armour fits poorly on your strangely shaped body.
Your body often deteriorates upon taking damage.
You are very dopey. (Int -4)
You are extremely frail. (-30% HP)
Your magical capacity is extremely low. (-30% MP)
You frequently scream uncontrollably at your foes.
You are very weak. (Str -4)
Potions and wands cannot restore your health.
Your spells are much easier to cast, but much less powerful.
You expend magic power (3 MP) to strengthen your wands.


Message History

There is an entrance to Keibinuw's Food Boutique here.
You see here a runed shortbow {god gift}.
Your two-headed ogre goes berserk!
You feel quite a bit more hungry. Something hits your two-headed ogre.
You swap places.
Something hits you but does no damage.
There is an entrance to Bamil's General Store here.
You see here a necrophage corpse.
You hit something. Something hits you.
* * * LOW HITPOINT WARNING * * *
You feel yourself speed up. Something hits you but does no damage.
Something hits you.
* * * LOW HITPOINT WARNING * * *
There is an open door, spattered with blood here.
Things that are here:
a necrophage corpse x2
Your system rejects the healing.
You feel better. Something hits you but does no damage.
You have no ailments to cure.
Something hits you.
You die...

#.......####.###.......##.#
#........#$#'#$#........§.#
#..#.....#$....#+.+######.#
#........#$[...#........#.#
#.....#..#######.....§.#§§#
#........##$})/......§≈####
#..#.....##)$?.......≈≈#
#........# #.......≈≈≈##
###''''### ##@.≈≈≈≈###
#∩......∩####†######'###
#........##∩O########∩∩#
#∩).....∩###∩∩∩∩∩∩∩∩∩∩##
########## ############


You could see a friendly two-headed ogre (berserk).

Vanquished Creatures
  2 centaur warriors (D)
  A deep troll (D)
  An unseen horror (D)
  An oklob plant (D)
  8 shining eyes (D)
  2 kobold demonologists (D)
  A hornet (D)
  A slime creature (D)
  Sigmund (D)
  2 redbacks (D)
  A yak (D)
  5 floating eyes (D)
  5 necrophages (D)
  An ogre (D)
  3 jellies (D)
  Ijyb (D)
  A ballistomycete (D)
37 creatures vanquished.

Vanquished Creatures (collateral kills)
  Sonja (D)
  A floating eye (D)
  2 necrophages (D)
  5 jellies (D)
9 creatures vanquished.

Vanquished Creatures (others)
  A gargoyle (D)
  2 ballistomycete spores (D)
3 creatures vanquished.

Grand Total: 49 creatures vanquished

Notes
Turn   | Place    | Note
-------+----------+-------------------------------------------
     0 | D        | Mesmaeker13 the Hill Orc Fighter began the quest for the Orb.
     0 | D        | Reached XP level 1. HP: 19/19 MP: 1/1
     1 | D        | Noticed Ijyb
    14 | D        | Killed Ijyb
    14 | D        | Reached skill level 4 in Fighting
    14 | D        | Reached XP level 2. HP: 23/28 MP: 2/2
    14 | D        | Reached XP level 3. HP: 29/35 MP: 3/3
    65 | D        | Noticed an ogre
    70 | D        | Killed an ogre
    70 | D        | Reached skill level 6 in Fighting
    70 | D        | Reached skill level 5 in Maces & Flails
    70 | D        | Reached skill level 5 in Armour
    70 | D        | Reached skill level 5 in Shields
    70 | D        | Reached XP level 4. HP: 45/45 MP: 4/4
   253 | D        | Noticed Sigmund
   257 | D        | Killed Sigmund
   257 | D        | Reached skill level 8 in Fighting
   257 | D        | Reached XP level 5. HP: 49/53 MP: 5/5
   257 | D        | Reached XP level 6. HP: 57/61 MP: 6/6
   285 | D        | Found a deep blue altar of Sif Muna.
   287 | D        | Found a radiant altar of Vehumet.
   477 | D        | Found Pezew's Gadget Emporium.
   477 | D        | Found an ancient bone altar of Kikubaaqudgha.
   477 | D        | Found a hazy altar of Hepliaklqana.
   477 | D        | Found a stormy altar of Qazlal.
   477 | D        | Found a hide-covered altar of Uskayaw.
   477 | D        | Found a blossoming altar of Fedhas.
   477 | D        | Found a bloodstained altar of Trog.
   477 | D        | Found an iron altar of Okawaru.
   477 | D        | Found a basalt altar of Yredelemnul.
   477 | D        | Found a glowing golden altar of the Shining One.
   477 | D        | Found a snail-covered altar of Cheibriados.
   477 | D        | Found a sacrificial altar of Ru.
   477 | D        | Found a glowing silver altar of Zin.
   477 | D        | Found a shadowy altar of Dithmenos.
   477 | D        | Found a white marble altar of Elyvilon.
   477 | D        | Noticed a yak
   483 | D        | Killed a yak
   483 | D        | Reached skill level 9 in Fighting
   484 | D        | Found an opulent altar of Gozag.
   485 | D        | Found a sparkling altar of Nemelex Xobeh.
   492 | D        | Became a worshipper of Trog the Wrathful
   660 | D        | Found a burning altar of Makhleb.
   660 | D        | Found a viscous altar of Jiyva.
   660 | D        | Found a shimmering altar of Xom.
   660 | D        | Found a corrupted altar of Lugonu.
   660 | D        | Noticed a slime creature
   672 | D        | Killed a slime creature
   672 | D        | Reached skill level 10 in Fighting
   672 | D        | Reached XP level 7. HP: 12/72 MP: 7/7
   955 | D        | Noticed a kobold demonologist
   956 | D        | Noticed a kobold demonologist
   960 | D        | Noticed an ice devil
   962 | D        | Killed a kobold demonologist
   962 | D        | Reached * piety under Trog
   962 | D        | Reached skill level 10 in Armour
   962 | D        | Reached skill level 10 in Shields
   962 | D        | Reached XP level 8. HP: 81/81 MP: 8/8
   963 | D        | Noticed a smoke demon
   971 | D        | Noticed a soul eater
   978 | D        | Killed a kobold demonologist
   978 | D        | Reached ** piety under Trog
   978 | D        | Reached skill level 11 in Fighting
   978 | D        | Reached skill level 10 in Maces & Flails
  1260 | D        | Noticed a centaur warrior
  1261 | D        | Noticed a centaur warrior
  1273 | D        | Killed a centaur warrior
  1273 | D        | Reached skill level 12 in Fighting
  1273 | D        | Reached XP level 9. HP: 71/91 MP: 9/9
  1292 | D        | Killed a centaur warrior
  1292 | D        | Reached skill level 13 in Fighting
  1522 | D        | Noticed a hornet
  1527 | D        | Killed a hornet
  1547 | D        | Killed a gargoyle
  1716 | D        | Noticed an oklob plant
  1732 | D        | Killed an oklob plant
  1732 | D        | Reached *** piety under Trog
  1732 | D        | Reached skill level 14 in Fighting
  1875 | D        | Reached XP level 10. HP: 63/103 MP: 10/10
  2103 | D        | Killed an unseen horror
  2150 | D        | Noticed a deep troll
  2154 | D        | Killed a deep troll
  2154 | D        | Reached **** piety under Trog
  2154 | D        | Reached skill level 15 in Fighting
  2203 | D        | Found Qeemupnu's Armour Emporium.
  2207 | D        | Bought a +4 scale mail of poison resistance for 364 gold pieces
  2226 | D        | Noticed Sonja
  2295 | D        | Killed Sonja
  2300 | D        | Paralysed by a floating eye for 3 turns
  2562 | D        | Paralysed by a floating eye for 2 turns
  2734 | D        | Noticed a shining eye
  2734 | D        | Gained mutation: Armour fits poorly on your strangely shaped body. [a shining eye]
  2735 | D        | Found Pyntotuf's Gadget Boutique.
  2735 | D        | Noticed a shining eye
  2735 | D        | Noticed a shining eye
  2736 | D        | Noticed a shining eye
  2736 | D        | Gained mutation: You occasionally shout uncontrollably at your foes. [a shining eye]
  2737 | D        | Noticed a shining eye
  2737 | D        | Noticed a shining eye
  2738 | D        | Gained mutation: Potions and wands are less effective at restoring your health. [a shining eye]
  2739 | D        | Paralysed by a floating eye for 2 turns
  2743 | D        | Paralysed by a floating eye for 2 turns
  2748 | D        | Paralysed by a floating eye for 2 turns
  2752 | D        | Paralysed by a floating eye for 2 turns
  2753 | D        | Gained mutation: Scrolls take you a little longer to read. [a shining eye]
  2754 | D        | Gained mutation: Your magical capacity is low. (-10% MP) [a shining eye]
  2757 | D        | Gained mutation: You tend to lose your temper in combat. [a shining eye]
  2758 | D        | Paralysed by a floating eye for 4 turns
  2758 | D        | Gained mutation: You are weak. (Str -2) [a shining eye]
  2760 | D        | Gained mutation: You sometimes yell uncontrollably at your foes. [a shining eye]
  2763 | D        | Killed a shining eye
  2765 | D        | Paralysed by a floating eye for 3 turns
  2767 | D        | Gained mutation: Your spells are a little easier to cast, but a little less powerful. [a shining eye]
  2771 | D        | Paralysed by a floating eye for 3 turns
  2773 | D        | Gained mutation: Your magical capacity is very low. (-20% MP) [a shining eye]
  2775 | D        | Paralysed by a floating eye for 3 turns
  2778 | D        | Killed a shining eye
  2780 | D        | Lost mutation: Potions and wands are less effective at restoring your health. [a shining eye]
  2782 | D        | Paralysed by a floating eye for 4 turns
  2782 | D        | Gained mutation: You are clumsy. (Dex -2) [a shining eye]
  2784 | D        | Gained mutation: You frequently scream uncontrollably at your foes. [a shining eye]
  2788 | D        | Paralysed by a floating eye for 2 turns
  2788 | D        | Gained mutation: Potions and wands are less effective at restoring your health. [a shining eye]
  2789 | D        | Gained mutation: Scrolls take you longer to read. [a shining eye]
  2792 | D        | Gained mutation: Your body sometimes deteriorates upon taking damage. [a shining eye]
  2794 | D        | Gained mutation: Potions and wands are poor at restoring your health. [a shining eye]
  2796 | D        | Paralysed by a floating eye for 4 turns
  2797 | D        | Gained mutation: You are very clumsy. (Dex -4) [a shining eye]
  2798 | D        | Gained mutation: Scrolls take you much longer to read. [a shining eye]
  2801 | D        | Killed a shining eye
  2801 | D        | Reached skill level 16 in Fighting
  2802 | D        | Gained mutation: Your spells are easier to cast, but less powerful. [a shining eye]
  2806 | D        | Gained mutation: Your magical capacity is extremely low. (-30% MP) [a shining eye]
  2808 | D        | Gained mutation: You are very weak. (Str -4) [a shining eye]
  2811 | D        | Gained mutation: Potions and wands cannot restore your health. [a shining eye]
  2820 | D        | Gained mutation: Your spells are much easier to cast, but much less powerful. [a shining eye]
  2820 | D        | Gained mutation: You expend magic power (3 MP) to strengthen your wands. [a shining eye]
  2821 | D        | Killed a shining eye
  2821 | D        | Reached ***** piety under Trog
  2821 | D        | Reached skill level 15 in Maces & Flails
  2821 | D        | Reached XP level 11. HP: 70/114 MP: 7/7
  2821 | D        | Gained mutation: You are dopey. (Int -2) [a shining eye]
  2831 | D        | Gained mutation: Your body often deteriorates upon taking damage. [a shining eye]
  2833 | D        | Killed a shining eye
  2835 | D        | Paralysed by a floating eye for 3 turns
  2838 | D        | Gained mutation: You are frail. (-10% HP) [a shining eye]
  2842 | D        | Gained mutation: You often lose your temper in combat. [a shining eye]
  2845 | D        | Paralysed by a floating eye for 4 turns
  2846 | D        | Gained mutation: You are very dopey. (Int -4) [a shining eye]
  2852 | D        | Killed a shining eye
  2855 | D        | Noticed a shining eye
  2855 | D        | Noticed a shining eye
  2863 | D        | Found Xeniott's Armour Shoppe.
  2863 | D        | Found Esea's Weapon Shop.
  2863 | D        | Found Doxkuac's Weapon Emporium.
  2863 | D        | Found Leurruf's Gadget Boutique.
  2868 | D        | Gained mutation: You have an uncontrollable temper. [a shining eye]
  2869 | D        | Gained mutation: You are very frail. (-20% HP) [a shining eye]
  2874 | D        | Gained mutation: You are extremely frail. (-30% HP) [a shining eye]
  2877 | D        | Lost mutation: Potions and wands cannot restore your health. [a shining eye]
  2882 | D        | Gained mutation: Potions and wands cannot restore your health. [a shining eye]
  2891 | D        | Killed a shining eye
  2891 | D        | Received a gift from Trog
  2898 | D        | Killed a shining eye
  2898 | D        | Reached skill level 17 in Fighting
  2947 | D        | Found Otset's Distillery.
  2947 | D        | Found Intab's Distillery.
  2947 | D        | Found Wiph's Weapon Emporium.
  2949 | D        | Found Mena's General Store.
  2949 | D        | Found Wuowog's Armour Shoppe.
  2949 | D        | Found Nofuo's General Store.
  2949 | D        | Found Oresaut's Antique Weapon Emporium.
  2949 | D        | Found Menaery's Assorted Antiques.
  2949 | D        | Found Poutaow's Magic Scroll Shoppe.
  2949 | D        | Found Naxez's Book Shop.
  2950 | D        | Found Puifos's Book Emporium.
  2951 | D        | Found Keibinuw's Food Boutique.
  2951 | D        | Found Bamil's General Store.
  2952 | D        | Found Weufuoje's Jewellery Shop.
  2959 | D        | Bought a meat ration for 65 gold pieces
  2959 | D        | Bought a meat ration for 65 gold pieces
  2959 | D        | Bought a slice of pizza for 19 gold pieces
  2969 | D        | Bought a bread ration for 65 gold pieces
  2969 | D        | Bought a beef jerky for 19 gold pieces
  2975 | D        | Received a gift from Trog
  3033 | D        | Slain by an unseen horror

Skill      XL: |  1  2  3  4  5  6  7  8  9 10 11 |
---------------+----------------------------------+-----
Fighting       | 4 6 8 10 12 14 16 17 | 17.2
Maces & Flails | 3 5 7 8 9 11 13 15 | 15.9
Armour         | 4 5 7 9 10 11 13 14 | 14.0
Shields        | 4 5 7 9 10 12 13 | 13.2

Action                   |  1- 3 |  4- 6 |  7- 9 | 10-12 || total
-------------------------+-------+-------+-------+-------++-------
Melee: Flail             |    15 |    29 |    61 |   186 ||   291
Invok: Berserk           |       |       |     2 |     4 ||     6
       Brothers in Arms  |       |       |       |     4 ||     4
       Trog's Hand       |       |       |       |     2 ||     2
  Use: Potion            |     1 |       |     3 |     4 ||     8
  Eat: Chunk             |       |       |     2 |     4 ||     6
       Bread ration      |       |       |     1 |       ||     1
       Meat ration       |       |       |       |     1 ||     1
Armor: Scale mail        |     7 |     2 |    27 |    85 ||   121
Dodge: Dodged            |     5 |     4 |    17 |    36 ||    62
Block: Shield            |     5 |    12 |    31 |    64 ||   112
